 Dungeon Crawl Stone Soup version 0.22.0-25-g7663229 (webtiles) character file.

103 vishdafish the Skirmisher (level 4, -3/37 HPs)
             Began as a Demonspawn Berserker on Aug 20, 2018.
             Was a Believer of Trog.
             Slain by a gnoll
             ... wielding a +0 whip
              (8 damage)
             ... on level 3 of the Dungeon.
             The game lasted 00:05:22 (2583 turns).

vishdafish the Skirmisher (Demonspawn Berserker)    Turns: 2583, Time: 00:05:22

Health: -3/37      AC:  2    Str: 18    XL:     4   Next: 51%
Magic:  4/4        EV: 12    Int:  9    God:    Trog [**....]
Gold:   135        SH:  0    Dex:  8    Spells: 3/3 levels left

rFire    . . .     SeeInvis .   a - +1 spear
rCold    . . .     Gourm    .   (no shield)
rNeg     . . .     Faith    .   b - +0 animal skin
rPois    .         Spirit   .   (no helmet)
rElec    .         Reflect  .   (no cloak)
rCorr    .         Harm     .   (no gloves)
MR       .....                  (no boots)
Stlth    +.........             (no amulet)
HPRegen  0.12/turn              j - -4 ring of dexterity (curse)
MPRegen  0.09/turn              (no ring)

@: berserk cooldown, hasted and slowed
A: claws 1, demonic guardian 1
a: Berserk, Trog's Hand, Renounce Religion


You were on level 3 of the Dungeon.
You worshipped Trog.
Trog was pleased with you.
You were not hungry.

You visited 1 branch of the dungeon, and saw 3 of its levels.

You collected 135 gold pieces.

Inventory:

Hand Weapons
 a - a +1 spear (weapon)
Armour
 b - a +0 animal skin (worn)
Jewellery
 j - a cursed -4 ring of dexterity (left claw)
Wands
 k - a wand of paralysis (4)
Scrolls
 g - a scroll of fear
 i - a scroll of enchant armour {unknown}
 l - 2 scrolls of immolation {unknown}
 m - a scroll of teleportation
Potions
 d - a potion of haste
 e - 2 potions of agility {unknown}
 f - 5 potions of brilliance
 h - a potion of might {unknown}
Comestibles
 c - 3 rations


   Skills:
 + Level 3.7 Fighting
 + Level 3.4 Polearms
 + Level 2.5 Armour
 + Level 2.6 Dodging


You had 3 spell levels left.
You didn't know any spells.
Your spell library was empty.

Dungeon Overview and Level Annotations

Branches:
Dungeon (3/15)

Altars:
Gozag


Innate Abilities, Weirdness & Mutations

You have sharp fingernails.
A weak demonic guardian rushes to your aid.


Message History

Your quasit claws the gnoll.
Your quasit closely misses the gnoll.
Your quasit bites the gnoll.
Your quasit claws the gnoll but does no damage. x2
Your quasit bites the gnoll but does no damage.
Your quasit closely misses the gnoll.
Your quasit barely misses the gnoll.
Your quasit bites the gnoll.
Your quasit claws the gnoll but does no damage.
Your quasit claws the gnoll.
The gnoll hits your quasit with a spear!
Your quasit completely misses the gnoll.
Your quasit claws the gnoll.
Your quasit claws the gnoll but does no damage.
Something hits your quasit but does no damage.
Something closely misses your quasit.
Your quasit bites the gnoll.
Your quasit closely misses the gnoll. x2
The gnoll misses your quasit.
Your quasit bites the gnoll.
Your quasit barely misses the gnoll.
Your quasit closely misses the gnoll.
Something completely misses your quasit.
You feel yourself speed up. The gnoll hits you with a whip!
You die...

#### ..##
#####..####
#....@....#
#....g....#
#.........# #
#####g#.#.#.#
#.#.).#.###
#5##.......
#.#.......#
#.#.......#
#..).......


You could see 2 gnolls and a friendly quasit.

Vanquished Creatures
  4 adders
  An ooze (D:2)
  A worm (D:2)
  A dart slug (D:1)
  2 leopard geckos
  3 orcs (D:3)
  5 giant cockroaches
  10 goblins
  3 hobgoblins
  2 jackals (D:1)
  7 bats
  3 frilled lizards (D:2)
  10 kobolds
  5 rats
57 creatures vanquished.

Vanquished Creatures (collateral kills)
  A hobgoblin (D:3)
1 creature vanquished.

Grand Total: 58 creatures vanquished

Notes
Turn   | Place    | Note
-------+----------+-------------------------------------------
     0 | D:1      | vishdafish the Demonspawn Berserker began the quest for the Orb.
     0 | D:1      | Reached XP level 1. HP: 18/18 MP: 1/1
   205 | D:1      | Gained mutation: A weak demonic guardian rushes to your aid. [demonic ancestry]
   205 | D:1      | Reached XP level 2. HP: 18/24 MP: 2/2
   581 | D:1      | Reached ** piety under Trog
   952 | D:1      | Reached XP level 3. HP: 22/29 MP: 3/3
  1523 | D:2      | Found an opulent altar of Gozag.
  2105 | D:2      | Gained mutation: You have sharp fingernails. [demonic ancestry]
  2105 | D:2      | Reached XP level 4. HP: 35/35 MP: 4/4
  2583 | D:3      | Slain by a gnoll

Skill      XL: |  1  2 |
---------------+-------+-----
Dodging        | 2 |  2.6
Polearms       | 3 |  3.4
Armour         | 2 |  2.5
Fighting       | |  3.7

Action                   |  1- 3 |  4- 6 || total
-------------------------+-------+-------++-------
Melee: Spear             |   165 |    49 ||   214
Invok: Berserk           |     5 |     2 ||     7
  Use: Scroll            |     6 |     1 ||     7
       Potion            |       |     1 ||     1
  Eat: Ration            |     2 |     1 ||     3
       Chunk             |     2 |       ||     2
Armor: Animal skin       |    23 |     6 ||    29
Dodge: Dodged            |    98 |    33 ||   131
